 Dungeon Sprint DCSS version 0.30-a0-883-g5ad918d77d (webtiles) character file.

Game seed: 4621808819883969950

1288 sircluck the Basher (level 8, -10/56 HPs)
             Began as a Gargoyle Fighter on Mar 16, 2023.
             Mangled by Snorg (17 damage)
             ... in the Dungeon (Sprint III: "The Ten Rune Challenge").
             The game lasted 00:03:58 (1028 turns).

sircluck the Basher (Gargoyle Fighter)              Turns: 1028, Time: 00:03:58

Health: -10/56     AC: 14    Str: 23    XL:     8   Next: 55%
Magic:  8/8        EV: 10    Int:  8    God:
Gold:   34         SH:  5    Dex:  9    Spells: 7/7 levels left

rFire   . . .      SeeInvis .    a - +0 flail
rCold   . . .      Faith    .    c - +0 buckler
rNeg    + . .      Spirit   .    b - +0 scale mail
rPois   ∞          Reflect  .    (no helmet)
rElec   +          Rampage  .    d - scarf {+Inv}
rCorr   .          NoTele   +    (no gloves)
Will    .....                    (no boots) Stlth
                                 (no amulet)
HPRegen 0.29/turn                (no ring)
MPRegen 0.11/turn                (no ring)

@: no status effects
A: sickness immunity, AC +5, negative energy resistance 1, electricity
resistance, torment resistance 1, petrification resistance
a: Evoke Invisibility


You were in the Dungeon.
You visited 1 branch You collected 34 gold pieces.

Inventory:

Hand Weapons
 a - a +0 flail (weapon)
Armour
 b - a +0 scale mail (worn)
 c - a +0 buckler (worn)
 d - a scarf of invisibility (worn)
Wands
 i - a wand of flame (15)
Scrolls
 j - 2 scrolls of blinking
 k - 2 scrolls of immolation {unknown}
 m - a scroll of identify {unknown}
Potions
 h - 2 potions of magic
 l - 2 potions of flight {unknown}
 n - 5 potions of mutation
Miscellaneous
 f - a tin of tremorstones (2/2)


   Skills:
 + Level 9.4 Fighting
 + Level 11.5 Maces & Flails
 + Level 10.1 Armour
 + Level 3.2 Dodging
 + Level 1.4 Stealth
 + Level 8.7 Shields
 + Level 1.0 Evocations


You had 7 spell levels left.
You didn't know any spells.
Your spell library contained the following spells:

 Spells                   Type           Power      Damage    Failure   Level
 Poisonous Vapours        Pois/Air       0%         N/A       86%         2
 Mephitic Cloud           Conj/Pois/Air  0%         N/A       98%         3
 Cigotuvi's Dreadful Rot  Necr/Pois/Air  Unusable   N/A       N/A         2

Dungeon Overview and Level Annotations

Branches:
Dungeon (1/1)

Altars:
Cheibriados
Dithmenos
Elyvilon
Fedhas
Gozag
Hepliaklqana
Kikubaaqudgha
Makhleb
Nemelex Xobeh
Okawaru
Qazlal
Ru
Sif Muna
Trog
Uskayaw
Vehumet
Wu Jian
Xom
Yredelemnul
Zin
The Shining One
Jiyva
Lugonu

Annotations:
D Snorg


Innate Abilities, Weirdness & Mutations

You are immune to sickness and miasma.
Your stone body is resilient. (AC +5)
You are immune to poison.
You resist negative energy. (rN+)
You are resistant to electric shocks. (rElec)
You are resistant to unholy torment.
You are immune to petrification.


Message History

Press: ? - help, Q - select action, (/) - cycle Shift-Dir - straight line, f - Snorg
Aim: Snorg (black smoke, asleep, 100% to hit)
You hear a shout!
Aiming: Throw Flame
Press: ? - help, Q - select action, (/) - cycle Shift-Dir - straight line, f/p - Snorg
Aim: Snorg (black smoke, lightly wounded, 68% to hit)
The puff of flame hits Snorg.
Snorg is lightly wounded.
Snorg goes berserk!
Aiming: Throw Flame
Press: ? - help, Q - select action, (/) - cycle Shift-Dir - straight line, f/p - Snorg
Aim: Snorg (lightly wounded, berserk, 68% to hit)
The puff of flame misses Snorg.
Snorg bites you but does no damage. You block Snorg's attack. x2
Snorg attacks as you move away! Snorg bites you but does no damage.
Snorg claws you. You block Snorg's attack. Snorg bites you!
Snorg closely misses you. Snorg claws you!
There is an open door here.
You bludgeon Snorg!!
Snorg is lightly wounded.
Snorg closely misses you. Snorg claws you. You block Snorg's attack.
You block Snorg's attack. Snorg claws you but does no damage.
You block Snorg's attack.
You feel much better. Snorg barely misses you.
Snorg claws you but does no damage. x2
You bludgeon Snorg!!
Snorg is moderately wounded.
Snorg bites you but does no damage. Snorg claws you but does no damage.
You block Snorg's attack.
You barely miss Snorg.
Snorg is moderately wounded.
Snorg bites you! Snorg claws you! Snorg misses you. You block Snorg's attack.
Snorg closely misses you. Snorg misses you.
You feel much better. Snorg bites you but does no damage. Snorg claws you! x2
You hit Snorg.
Snorg is moderately wounded.
Snorg barely misses you. Snorg claws you!
* * * LOW HITPOINT WARNING * * *
Snorg claws you!
You die...

#..#..#.).#__.#._#
#..#..###'#)###)##
##'#..#..........#
###...'.⌠........#
###...#...######'#
##....#.⌠.#__#...#+#####
#.....#...#__#...#..~§~+
......#)###__#...#.#§§~#
#.....#.).#__#..@T.#§§.#
##....#___#__'...#.#§§.#
▓▓▓▓▓▓▓▓▓▓▓▓▓▓▓▓▓▓▓▓▓▓▓


You could see Snorg (berserk).

Vanquished Creatures
  A deep elf pyromancer (D)
  A shadow (D)
  A spatial vortex (D)
  A necrophage (D)
  A water elemental (D)
  A scorpion (D)
  A jelly (D)
  Jessica (D)
  A wizard (D)
  A necromancer (D)
  3 humans (D)
  A kobold demonologist (D)
  3 rats (D)
17 creatures vanquished.

Notes
Turn   | Place    | Note
-------+----------+-------------------------------------------
     0 | D        | sircluck the Gargoyle Fighter began the quest for the Orb.
     0 | D        | Reached XP level 1. HP: 14/14 MP: 1/1
    26 | D        | Noticed Jessica
    34 | D        | Killed Jessica
    35 | D        | Reached XP level 2. HP: 20/20 MP: 2/2
    35 | D        | Reached XP level 3. HP: 24/24 MP: 3/3
    67 | D        | Reached skill level 5 in Fighting
    67 | D        | Reached skill level 3 in Maces & Flails
    67 | D        | Reached skill level 5 in Armour
    67 | D        | Reached skill level 5 in Shields
    74 | D        | Noticed a scorpion
    87 | D        | Killed a scorpion
    88 | D        | Reached skill level 4 in Maces & Flails
    88 | D        | Reached XP level 4. HP: 13/32 MP: 4/4
   164 | D        | Noticed a water elemental
   167 | D        | Killed a water elemental
   168 | D        | Reached skill level 5 in Maces & Flails
   168 | D        | Reached skill level 1 in Dodging
   168 | D        | Reached XP level 5. HP: 37/37 MP: 5/5
   314 | D        | Found a hide-covered altar of Uskayaw.
   314 | D        | Found an iron altar of Okawaru.
   314 | D        | Found a bloodstained altar of Trog.
   314 | D        | Found an ornate altar of the Wu Jian Council.
   314 | D        | Noticed a human
   316 | D        | Noticed a human
   321 | D        | Killed a human
   322 | D        | Reached skill level 7 in Maces & Flails
   322 | D        | Reached XP level 6. HP: 36/44 MP: 6/6
   324 | D        | Killed a human
   325 | D        | Reached skill level 8 in Maces & Flails
   359 | D        | Found a basalt altar of Yredelemnul.
   359 | D        | Found a shadowy altar of Dithmenos.
   359 | D        | Found a sacrificial altar of Ru.
   367 | D        | Reached XP level 7. HP: 47/48 MP: 7/7
   390 | D        | Found a radiant altar of Vehumet.
   390 | D        | Found a shimmering blue altar of Sif Muna.
   390 | D        | Found an ancient bone altar of Kikubaaqudgha.
   409 | D        | Noticed a rust devil
   432 | D        | Noticed a shadow
   440 | D        | Reached skill level 9 in Maces & Flails
   444 | D        | Killed a shadow
   677 | D        | Found a blossoming altar of Fedhas.
   677 | D        | Found a stormy altar of Qazlal.
   677 | D        | Found a snail-covered altar of Cheibriados.
   677 | D        | Found a burning altar of Makhleb.
   677 | D        | Found a shimmering altar of Xom.
   678 | D        | Found a hazy altar of Hepliaklqana.
   678 | D        | Found an opulent altar of Gozag.
   678 | D        | Found a sparkling altar of Nemelex Xobeh.
   678 | D        | Found a corrupted altar of Lugonu.
   678 | D        | Found a viscous altar of Jiyva.
   678 | D        | Noticed a spatial vortex
   699 | D        | Killed a spatial vortex
   700 | D        | Reached skill level 10 in Maces & Flails
   700 | D        | Reached skill level 1 in Stealth
   700 | D        | Reached XP level 8. HP: 15/55 MP: 8/8
   954 | D        | Found a glowing silver altar of Zin.
   954 | D        | Found a glowing golden altar of the Shining One.
   954 | D        | Found a white marble altar of Elyvilon.
   956 | D        | Noticed a deep elf pyromancer
   962 | D        | Killed a deep elf pyromancer
   963 | D        | Reached skill level 11 in Maces & Flails
   963 | D        | Reached skill level 10 in Armour
   963 | D        | Reached skill level 1 in Evocations
  1014 | D        | Noticed Snorg
  1028 | D        | Mangled by Snorg

Illustrated notes

Levels and vault maps discovered:
D:        dungeon_sprint_mu [sprint_mu_entry_cave, sprint_mu_temple_rooms,
          sprint_mu_d1_horrors, sprint_mu_d2_genie, sprint_mu_d3_branching,
          sprint_mu_orc_legion, sprint_mu_elf_gauntlet, sprint_mu_hive_nellie,
          sprint_mu_lair_fedhas, sprint_mu_vaults_butterflies,
          sprint_mu_slime_circle, sprint_mu_swamp_cave, sprint_mu_shoals_archi,
          sprint_mu_blade_basic, sprint_mu_crypt_lich, sprint_mu_tomb_spiral,
          sprint_mu_vestibule_basic, sprint_mu_gehenna_hellfire,
          sprint_mu_dis_giant, sprint_mu_tartarus_statrot,
          sprint_mu_cocytus_islands, sprint_mu_zot1]

Skill      XL: |  1  2  3  4  5  6  7  8 |
---------------+-------------------------+-----
Fighting       | 4 5 6 7 8 9 |  9.4
Armour         | 4 6 7 8 9 10 | 10.1
Shields        | 4 6 7 8 |  8.7
Maces & Flails | 4 5 7 8 10 11 | 11.5
Dodging        | 1 2 3 |  3.2
Stealth        | 1 |  1.4
Evocations     | 1 |  1.0

Action                     |  1- 3 |  4- 6 |  7- 9 || total
---------------------------+-------+-------+-------++-------
  Melee: Flail             |    37 |    17 |    50 ||   104
  Evoke: Wand              |       |       |     5 ||     5
    Use: Potion            |       |     2 |     5 ||     7
 Armour: Scale mail        |    14 |     3 |    17 ||    34
  Dodge: Dodged            |    13 |     5 |    16 ||    34
  Block: Buckler           |     9 |     5 |    16 ||    30

Table legend: (Time is in decaauts)
 A = Elapsed time spent in this place.
 B = Non-inter-level travel time spent in this place.
 C = Inter-level travel time spent in this place.
 D = Time resting spent in this place.
 E = Time spent auto-exploring this place.
 F = Levels seen in this place.
 G = Mean time per level.
                   A        B        C        D        E       F      G
               +--------+--------+--------+--------+--------+-----+--------+
         Total |   1031 |   1031 |      0 |    651 |     51 |   1 | 1031.0 |
       Dungeon |   1031 |   1031 |      0 |    651 |     51 |   1 | 1031.0 |
               +--------+--------+--------+--------+--------+-----+--------+

Top non-repeatable levels by time:
       D: 1031 daAuts
